 Dungeon Crawl Stone Soup version 0.20.1-1-g8b1a95d (webtiles) character file.

489 dohliylev the Covert (level 6, -8/42 HPs)
             Began as a Vampire Enchanter on July 12, 2017.
             Was a Believer of Dithmenos.
             Shot with an arrow by a centaur (14 damage)
             ... on level 5 of the Dungeon.
             The game lasted 00:17:35 (4548 turns).

dohliylev the Covert (Vampire Enchanter)            Turns: 4548, Time: 00:17:36

Health: -8/42      AC:  5    Str:  7    XL:     6   Next: 90%
Magic:  2/10       EV: 13    Int: 19    God:    Dithmenos [**....]
Gold:   288        SH:  0    Dex: 15    Spells: 7/10 levels left

rFire    . . .     SeeInvis +   a - +1 dagger
rCold    + + .     Gourm    .   (no shield)
rNeg     + + +     Faith    .   b - +0 robe
rPois    ∞         Spirit   .   (no helmet)
rElec    .         Reflect  .   i - +2 cloak {rPois}
rCorr    .         Harm     .   (no gloves)
MR       .....                  (no boots)
Stlth    +++++++...             (no amulet)
Regen    0.0/turn               (no ring)
MPRegen  0.2/turn               (no ring)

@: bloodless, non-regenerating, wreathed by umbra
A: fangs 3, see invisible, unbreathing
a: Bat Form, Shadow Step, Renounce Religion


You were on level 5 of the Dungeon.
You worshipped Dithmenos.
Dithmenos was pleased with you.
You were bloodless.

You visited 1 branch of the dungeon, and saw 5 of its levels.

You collected 288 gold pieces.

Inventory:

Hand Weapons
 a - a +1 dagger (weapon)
 l - a +1 dagger of venom
Armour
 b - a +0 robe (worn)
 i - a +2 cloak of poison resistance (worn)
Jewellery
 u - an uncursed amulet of harm {unknown}
Scrolls
 e - 7 scrolls of remove curse {unknown}
 k - a scroll of fog {unknown}
 m - a scroll of blinking {unknown}
 n - a scroll of magic mapping {unknown}
 o - 3 scrolls of amnesia {unknown}
 q - a scroll of teleportation {unknown}
 r - 4 scrolls of identify {unknown}
Potions
 d - 27 potions of blood
 f - 4 potions of heal wounds {unknown}
 g - 2 potions of magic {unknown}
 h - a potion of flight {unknown}
 j - a potion of berserk rage {unknown}
 p - 2 potions of degeneration {unknown}
 s - 3 potions of curing {unknown}
 t - a potion of haste {unknown}
Books
 c - a book of Maledictions

   Spells                             Type                      Level
   a - Corona                         Hexes                        1
   b - Ensorcelled Hibernation        Hexes/Ice                    2
   c - Confuse                        Hexes                        3
   d - Tukima's Dance                 Hexes                        3
   e - Dazzling Spray                 Conjuration/Hexes            3


   Skills:
 + Level 0.6 Fighting
 * Level 3.8 Short Blades
 + Level 3.0 Dodging
 * Level 8.3 Stealth
 + Level 2.9 Spellcasting
 + Level 5.3 Hexes
 + Level 1.6 Ice Magic


You had 7 spell levels left.
You knew the following spells:

 Your Spells              Type           Power        Failure   Level  Hunger
a - Corona                Hex            ###....      1%          1    None
b - Ensorcelled Hibernat  Hex/Ice        ###...       5%          2    ##.....


Dungeon Overview and Level Annotations

Branches:
Dungeon (5/15)             Temple (0/1) D:4

Altars:
Dithmenos
Sif Muna
The Shining One


Innate Abilities, Weirdness & Mutations

You do not heal naturally.
You are immune to poison.
You have razor-sharp teeth.
You have supernaturally acute eyesight. (SInv)
You can survive without breathing.


Message History

The centaur barely misses you.
Casting: Ensorcelled Hibernation
Confirm with . or Enter, or press ? or * to list all spells.
Okay, then.
You closely miss the centaur. Your bite misses the centaur.
The centaur is lightly wounded.
The centaur hits you.
You barely miss the centaur.
The centaur is lightly wounded.
The centaur closely misses you.
You hit the centaur but do no damage.
The centaur is lightly wounded.
The centaur hits you!
* * * LOW HITPOINT WARNING * * *
The centaur hits you.
* * * LOW HITPOINT WARNING * * *
There is a stone staircase leading up here.
The centaur wields an uncursed shortbow.
The centaur shoots an arrow.
The arrow hits you!
You die...

#.......#####..#####.....####
#.......#.....## ####.....#....
#.......#.#############.....##...
#########.# #≈≈≈≈≈##.....##...
#...#.######≈###≈##.....#..>.
#..........'_'..#.....#....
###.###...≈###≈.#.....#.... #..#
#(..≈≈≈≈≈.......##... #..##
#...@....###†#...#...
#.######........##......... ..
#.....##.##.......###.## .##
#.....(.c........## #.# ..
#......#..#.....(.. ..#
#<.(..........####.....
#.........#...# ...##
#..?..........# #.## #
#......####.... ..


You could see a centaur.

Vanquished Creatures
  A scorpion (D:4)
  A hound (D:4)
  Crazy Yiuf (D:2)
  3 orc wizards
  Ijyb (D:4)
  An iguana (D:4)
  2 worker ants (D:5)
  A killer bee zombie (D:5)
  Robin (D:2)
  3 adders
  A gnoll (D:1)
  2 worms
  5 dart slugs
  4 leopard geckos
  11 orcs
  2 giant cockroaches
  12 hobgoblins
  5 jackals
  A quokka (D:3)
  A ball python (D:3)
  6 bats
  3 frilled lizards
  18 goblins
  12 kobolds
  7 rats
105 creatures vanquished.

Notes
Turn   | Place    | Note
-------+----------+-------------------------------------------
     0 | D:1      | dohliylev the Vampire Enchanter began the quest for the Orb.
     0 | D:1      | Reached XP level 1. HP: 13/13 MP: 3/3
   216 | D:1      | Reached XP level 2. HP: 17/19 MP: 5/5
   220 | D:1      | Learned a level 2 spell: Ensorcelled Hibernation
   286 | D:1      | Reached skill level 5 in Stealth
   794 | D:1      | Reached XP level 3. HP: 24/24 MP: 3/6
  1005 | D:2      | Found a shadowy altar of Dithmenos.
  1013 | D:2      | Became a worshipper of Dithmenos the Shadowed
  1164 | D:2      | Noticed Robin
  1263 | D:1      | Reached skill level 6 in Stealth
  1922 | D:2      | Reached XP level 4. HP: 19/30 MP: 7/7
  2249 | D:2      | Found a faded altar of an unknown god.
  2596 | D:2      | Reached * piety under Dithmenos
  2624 | D:2      | Killed Robin
  2771 | D:2      | Found a runed door.
  2775 | D:2      | Noticed Crazy Yiuf
  2779 | D:2      | Killed Crazy Yiuf
  2844 | D:3      | Reached XP level 5. HP: 36/36 MP: 8/8
  2900 | D:3      | Reached skill level 5 in Hexes
  3263 | D:3      | Reached skill level 7 in Stealth
  3560 | D:3      | Found a deep blue altar of Sif Muna.
  3625 | D:4      | Found a staircase to the Ecumenical Temple.
  3832 | D:4      | Reached skill level 1 in Ice Magic
  3832 | D:4      | Reached XP level 6. HP: 29/42 MP: 0/9
  3949 | D:4      | Reached ** piety under Dithmenos
  4101 | D:4      | Noticed Ijyb
  4106 | D:4      | Killed Ijyb
  4432 | D:5      | Entered Level 5 of the Dungeon
  4434 | D:5      | Reached skill level 8 in Stealth
  4470 | D:5      | Found a glowing golden altar of the Shining One.
  4548 | D:5      | Shot with an arrow by a centaur

Skill      XL: |  1  2  3  4  5  6 |
---------------+-------------------+-----
Stealth        | 5 6 7 8 |  8.3
Short Blades   | 2 3 |  3.8
Hexes          | 5 |  5.3
Ice Magic      | 1 |  1.6
Dodging        | 3 |  3.0
Fighting       | |  0.6
Spellcasting   | |  2.9

Action                   |  1- 3 |  4- 6 || total
-------------------------+-------+-------++-------
Melee: Dagger            |   102 |   213 ||   315
       Bite              |     6 |    11 ||    17
 Cast: Ensorcelled Hiber |    24 |    48 ||    72
       Corona            |     3 |     3 ||     6
Invok: Shadow Step       |       |     1 ||     1
 Abil: End Transformatio |     1 |     2 ||     3
       Bat Form          |     1 |     2 ||     3
  Use: Potion            |       |     4 ||     4
 Stab: Sleeping          |    21 |    41 ||    62
       Distracted        |       |     1 ||     1
  Eat: Corpse            |     1 |       ||     1
Armor: Robe              |    15 |    34 ||    49
Dodge: Dodged            |    71 |   139 ||   210
